Map: Dusk Towers

Players

JohnCena - Winner!

  • Race: Zerg Zerg
  • League: Master

Miszu

  • Race: Zerg Zerg
  • League: Master

VOD

Have the link to the VOD?

Description

Time

  • Played on: June 26, 2016, 7:16 a.m.
  • Length: 11:25
Show
View Real Time Build Order
Export as new Build Order

JohnCena Zerg - Winner!

Build Orders: Hatch First 

Get SALT Encoding   

  12  0:00  Drone  
  13  0:12  Overlord  
  13  0:17  Drone  
  14  0:30  Drone x2  
  14  0:33  Drone  
  17  0:52  Hatchery  
  17  0:55  Drone  
  17  0:59  Drone  
  18  1:13  Extractor  
  18  1:18  Drone, Spawning Pool  
  16  1:22  Drone  
  18  1:27  Drone  
  19  1:41  Overlord  
  19  1:49  Drone  
  20  2:04  Queen  
  20  2:05  Zergling x4, Queen  
  26  2:13  Metabolic Boost  
  26  2:14  Drone  
  27  2:17  Drone  
  27  2:22  Drone  
  29  2:26  Drone  
  30  2:31  Drone  
  30  2:36  Baneling Nest  
  30  2:38  Drone  
  31  2:45  Overlord  
  31  2:49  Drone  
  32  2:55  Drone  
  33  3:05  Drone  
  33  3:06  Drone  
  35  3:15  Zergling x6, Hatchery  
  37  3:22  Zergling x8  
  37  3:27  Overlord  
  41  3:33  Lair  
  41  3:41  Drone  
  41  3:42  Drone x2  
  44  3:51  Drone x5  
  44  3:54  Overlord  
  49  3:57  Extractor  
  49  3:59  Extractor  
  47  4:03  Drone x3  
  47  4:08  Baneling x5  
  50  4:16  Drone x2  
  50  4:17  Drone  
  53  4:18  Drone  
  53  4:19  Drone  
  55  4:26  Extractor  
  54  4:34  Queen  
  56  4:40  Extractor  
  56  4:41  Drone x3  
  56  4:42  Extractor, Spire  
  56  4:43  Drone  
  57  4:51  Drone  
  57  4:52  Drone x4  
  62  4:58  Overlord  
  62  5:00  Overlord  
  62  5:05  Zergling x2  
  63  5:12  Drone x2  
  63  5:13  Drone  
  66  5:16  Overlord  
  66  5:18  Drone x2  
  68  5:21  Overlord  
  67  5:29  Overlord  
  67  5:54  Mutalisk x9  
  67  5:55  Mutalisk  
  87  6:01  Drone x4  
  91  6:04  Mutalisk  
  91  6:08  Mutalisk  
  95  6:15  Overlord x2  
  95  6:18  Zerg Flyer Armor Level 1  
  95  6:25  Mutalisk  
  95  6:28  Drone x4  
  95  6:30  Mutalisk  
  103  6:35  Drone x3  
  103  6:36  Drone  
  103  6:38  Mutalisk  
  109  6:43  Mutalisk  
  111  6:53  Drone x2  
  111  6:55  Zergling x2  
  111  6:59  Overlord x2  
  112  7:02  Mutalisk  
  112  7:06  Mutalisk x2  
  112  7:07  Extractor, Hatchery  
  116  7:09  Extractor  
  116  7:10  Mutalisk  
  116  7:11  Mutalisk  
  118  7:16  Drone x3  
  118  7:21  Overlord x2  
  121  7:26  Mutalisk x2  
  121  7:29  Mutalisk  
  125  7:32  Zergling x8  
  125  7:34  Zergling x4  
  125  7:36  Overlord  
  133  7:40  Mutalisk  
  133  7:42  Mutalisk  
  137  7:46  Overlord  
  137  7:51  Mutalisk  
  137  7:53  Zergling x6  
  137  7:56  Mutalisk  
  144  8:02  Drone x3  
  144  8:03  Drone x2  
  144  8:04  Drone  
  150  8:10  Mutalisk x2  
  145  8:20  Zergling x10  
  145  8:26  Mutalisk x3  
  140  8:33  Mutalisk  
  115  8:35  Zergling x2  
  115  8:36  Zergling x16  
  122  8:45  Mutalisk x3  
  120  8:54  Mutalisk x2  
  116  9:02  Mutalisk  
  116  9:04  Zergling x2  
  116  9:05  Zergling x16  
  127  9:13  Queen  
  127  9:16  Mutalisk  
  127  9:17  Mutalisk x3  
  137  9:24  Spore Crawler  
  137  9:26  Spore Crawler x2  
  137  9:28  Drone, Mutalisk  
  137  9:29  Spore Crawler, Mutalisk  
  137  9:31  Zergling x2  
  139  9:32  Mutalisk  
  139  9:39  Extractor  
  139  9:40  Hatchery  
  139  9:43  Extractor  
  127  9:49  Drone  
  127  9:50  Drone x2  
  130  9:53  Drone x3  
  130  9:54  Drone, Mutalisk x4  
  142  10:01  Drone x4  
  142  10:02  Mutalisk x2  
  142  10:05  Baneling x2  
  150  10:09  Mutalisk  
  150  10:11  Zergling x6  
  150  10:12  Zergling x2  
  150  10:14  Drone  
  157  10:16  Spine Crawler, Mutalisk  
  158  10:22  Zergling x8  
  162  10:30  Mutalisk x3  
  168  10:36  Zergling x2  
  168  10:37  Zergling x12  
  168  10:40  Zergling x2  
  173  10:44  Overlord x2  
  173  10:45  Overlord  
  159  10:59  Mutalisk  
  159  11:00  Mutalisk x2  
  159  11:02  Overlord x4  
  141  11:11  Drone x3  
  141  11:12  Drone x2  
  141  11:13  Drone  
Show
View Real Time Build Order
Export as new Build Order

Miszu Zerg 

Build Orders: Hatch First 

Get SALT Encoding   

  12  0:00  Drone  
  13  0:13  Overlord  
  13  0:19  Drone  
  14  0:32  Drone x2  
  16  0:36  Drone  
  17  0:46  Drone  
  18  0:56  Hatchery  
  17  0:59  Drone  
  18  1:08  Drone  
  18  1:10  Extractor  
  18  1:17  Spawning Pool  
  17  1:20  Drone  
  18  1:34  Drone  
  19  1:41  Overlord  
  19  1:50  Drone  
  20  2:04  Queen  
  20  2:05  Zergling x2  
  20  2:08  Queen  
  25  2:09  Zergling x2  
  25  2:14  Drone  
  27  2:16  Metabolic Boost  
  27  2:19  Drone  
  28  2:30  Drone  
  28  2:32  Drone  
  28  2:35  Drone  
  31  2:41  Overlord  
  31  2:46  Baneling Nest  
  31  2:47  Drone  
  31  2:51  Drone  
  32  2:58  Zergling x2  
  33  3:08  Drone x2  
  35  3:13  Drone x3  
  35  3:15  Drone  
  39  3:20  Overlord  
  39  3:26  Hatchery  
  38  3:27  Drone x3  
  41  3:39  Extractor  
  40  3:41  Baneling  
  40  3:42  Baneling  
  40  3:44  Extractor  
  40  3:45  Overlord  
  40  3:46  Extractor  
  40  3:47  Drone x3  
  41  3:49  Lair  
  41  3:53  Overlord  
  41  3:54  Drone  
  42  3:59  Overlord  
  42  4:00  Drone  
  42  4:01  Drone  
  44  4:11  Zergling x8  
  44  4:14  Baneling x2  
  44  4:15  Baneling x2  
  44  4:16  Zergling x2  
  49  4:22  Zergling x6  
  52  4:37  Drone  
  52  4:38  Drone  
  54  4:40  Drone x4  
  54  4:41  Hatchery  
  57  4:51  Spire  
  56  4:55  Drone  
  56  4:56  Drone  
  56  4:59  Drone  
  59  5:01  Drone  
  59  5:03  Drone  
  59  5:06  Extractor  
  60  5:09  Extractor  
  60  5:13  Overlord  
  60  5:28  Drone x3  
  60  5:30  Drone x3  
  60  5:35  Overlord  
  65  5:55  Drone  
  65  5:56  Drone  
  67  5:57  Queen  
  67  6:03  Zerg Flyer Armor Level 1, Mutalisk x3  
  67  6:04  Mutalisk x5  
  71  6:05  Mutalisk  
  71  6:10  Overlord  
  87  6:13  Mutalisk  
  87  6:16  Mutalisk  
  87  6:17  Mutalisk  
  93  6:28  Mutalisk  
  95  6:35  Overlord x2  
  95  6:36  Overlord  
  95  6:41  Mutalisk  
  95  6:44  Overlord  
  95  6:45  Overlord  
  97  6:56  Mutalisk  
  97  6:57  Mutalisk x3  
  105  7:03  Mutalisk  
  105  7:06  Drone x7  
  114  7:14  Mutalisk x2  
  118  7:21  Spore Crawler  
  118  7:22  Spore Crawler  
  116  7:23  Spore Crawler  
  116  7:24  Drone  
  116  7:26  Drone  
  116  7:27  Overlord  
  117  7:37  Mutalisk x4  
  125  7:51  Mutalisk x2  
  125  7:56  Hatchery  
  128  8:03  Zerg Flyer Armor Level 2  
  126  8:18  Mutalisk  
  126  8:19  Mutalisk  
  126  8:24  Zergling x30  
  126  8:25  Zergling x2  
  109  8:34  Mutalisk  
  109  8:35  Mutalisk  
  113  8:44  Mutalisk x2  
  105  8:51  Mutalisk  
  105  8:59  Mutalisk  
  105  9:00  Mutalisk  
  105  9:01  Baneling  
  105  9:09  Mutalisk  
  107  9:12  Extractor  
  107  9:14  Zergling x4  
  107  9:15  Zergling x14  
  107  9:16  Extractor  
  114  9:24  Mutalisk  
  114  9:26  Hatchery  
  115  9:35  Drone x3  
  104  9:48  Mutalisk  
  104  9:49  Mutalisk x5  
  104  9:52  Drone x2  
  116  10:04  Queen  
  116  10:05  Mutalisk x2  
  122  10:11  Spore Crawler  
  122  10:13  Mutalisk  
  123  10:14  Mutalisk  
  125  10:23  Mutalisk  
  127  10:29  Extractor  
  127  10:34  Extractor  
  125  10:36  Mutalisk x3  
  130  10:44  Mutalisk  
  130  10:45  Mutalisk  
  132  10:54  Mutalisk  
  126  10:58  Mutalisk  
  126  10:59  Mutalisk  
  75  11:12  Spore Crawler x2  
  75  11:18  Spore Crawler  
Tags
 
Add a new tag
Caveats
  • Supply blocks, unpowered buildings, or Contaminate may cause inaccurate times.
  • Supply counts are checked every 10 seconds.